 Dungeon Crawl Stone Soup version 0.30-a0-1043-g60ff8d5f49 (webtiles) character file.

Game seed: 15793808130612540076

30 hwolsky the Conjurer (level 3, 0/1 (22) HPs)
             Began as a Tengu Reaver on Apr 7, 2023.
             Slain by a bat (1 damage)
             ... on level 2 of the Dungeon on Apr 10, 2023.
             The game lasted 00:06:37 (1247 turns).

hwolsky the Conjurer (Tengu Reaver)                 Turns: 1247, Time: 00:06:39

HP:   0/1 (22)      AC:  3    Str: 12    XL:     3   Next: 20%
MP:   6/7           EV: 12    Int: 15    God:
Gold: 18            SH:  0    Dex: 12    Spells: 3/6 levels left

rFire   . . .      SeeInvis .    a - +0 short sword
rCold   + . .      Faith    .    (no shield)
rNeg    . . .      Spirit   .    b - +0 leather armour
rPois   .          Reflect  .    (helmet restricted)
rElec   .          Rampage  .    (no cloak)
rCorr   .                        (no gloves)
Will    +....                    (boots unavailable)
Stlth   +                        e - amulet of magic regeneration
HPRegen 0.20/turn                (no ring)
MPRegen 0.50/turn                (no ring)

@: extremely drained
A: beak, talons 3, cold resistance 1, deterioration 1, strong-willed 1,
screaming 1
a: no special abilities


You were on level 2 of the Dungeon.
You visited 1 branch of the dungeon, and saw 2 of its levels.

You collected 18 gold pieces.

Inventory:

Hand Weapons
 a - a +0 short sword (weapon)
Missiles
 i - 6 boomerangs
Armour
 b - a +0 leather armour (worn)
 c - a +1 ring mail
Jewellery
 e - an amulet of magic regeneration (around neck)
Scrolls
 f - a scroll of fear


   Skills:
 + Level 2.3 Fighting
 + Level 3.6 Short Blades
 + Level 2.6 Dodging
 + Level 2.3 Spellcasting
 + Level 4.3 Conjurations


You had 3 spell levels left.
You knew the following spells:

 Your Spells              Type           Power      Damage    Failure   Level
a - Kiss of Death         Conj/Necr      32%        2d7       11%         1
b - Momentum Strike       Conj/Tloc      16%        3d8       17%         2

Your spell library contained the following spells:

 Spells                   Type           Power      Damage    Failure   Level
 Hailstorm                Conj/Ice       8%         3d4       32%         3
 Blink                    Tloc           2%         N/A       38%         2
 Lesser Beckoning         Tloc           2%         N/A       38%         2


Dungeon Overview and Level Annotations

Branches:
Dungeon (2/15)

Altars:


Innate Abilities, Weirdness & Mutations

You have a beak for a mouth.
You have claws for feet.
Your flesh is cold resistant. (rC+)
Your body sometimes deteriorates upon taking damage.
You are strong-willed. (Will+)
You occasionally shout uncontrollably at your foes.


Message History

You continue taking off your +0 leather armour. x4
You finish taking off your +0 leather armour.
You start putting on your armour.
You continue putting on your +1 ring mail. x5
You finish putting on your +1 ring mail.
Casting: Kiss of Death (safe; 21% risk of failure)
Confirm with . or Enter, or press ? or * to list all spells.
Okay, then.
You start removing your armour.
You continue taking off your +1 ring mail. x4
You finish taking off your +1 ring mail.
You start putting on your armour.
You continue putting on your +0 leather armour. x5
You finish putting on your +0 leather armour.
Casting: Kiss of Death (safe; 11% risk of failure)
Confirm with . or Enter, or press ? or * to list all spells.
Okay, then.
Found a stone staircase leading up.
Found 5 stones.
Found a stone staircase leading down.
A jackal comes into view.
You see here 9 gold pieces.
You see here 9 gold pieces.
You now have 18 gold pieces (gained 9).
The jackal barks!
You hear a bark!
You hear a shout!
A kobold comes into view. It is wielding a +0 dagger.
The kobold shouts!
Found a stone staircase leading down.
A bat comes into view.
The bat hits you but does no damage.
Casting: Kiss of Death (safe; 11% risk of failure)
Confirm with . or Enter, or press ? or * to list all spells.
Aiming: Kiss of Death (safe; 11% risk of failure)
Press: ? - help, Shift-Dir - straight line, f - jackal
Aim: a jackal (100% to hit)
The negative energy hits the jackal!
The jackal is drained!
You kill the jackal!
You feel drained. The bat closely misses you. The bat hits you.
Ouch! That really hurt!
You die...

# #..........
...###..........
#.............>
#####..........
#..<(K...?.
###..........
#..........#.
###.###.#...... #...#
#@?...##.
#####.####.b#......
######.....###...#....>.
....#..#.......... .....
#..............# .....
##.<.........#.. ..##
###.........#.. ..#
#..#..........
...##..........


You could see a bat and a kobold.

Vanquished Creatures
  3 dart slugs (D:1)
  3 ball pythons (D:1)
  A bat (D:1)
  An endoplasm (D:1)
  2 giant cockroaches (D:1)
  3 goblins (D:1)
  2 hobgoblins (D:1)
  A jackal (D:2)
  3 kobolds (D:1)
  A quokka (D:1)
  2 frilled lizards (D:1)
  A rat (D:1)
23 creatures vanquished.

Notes
Turn   | Place    | Note
-------+----------+-------------------------------------------
     0 | D:1      | hwolsky the Tengu Reaver began the quest for the Orb.
     0 | D:1      | Reached XP level 1. HP: 12/12 MP: 4/4
    26 | D:1      | Gained mutation: You occasionally shout uncontrollably at
                  | your foes. [potion of mutation]
    26 | D:1      | Gained mutation: You are strong-willed. (Will+) [potion of
                  | mutation]
    26 | D:1      | Gained mutation: Your body sometimes deteriorates upon
                  | taking damage. [potion of mutation]
    26 | D:1      | Gained mutation: Your flesh is cold resistant. (rC+)
                  | [potion of mutation]
   215 | D:1      | Reached XP level 2. HP: 6/7 MP: 4/6
   490 | D:1      | Upgraded the game from 0.30-a0-1018-g25214051b3 to
                  | 0.30-a0-1043-g60ff8d5f49
   493 | D:1      | Reached XP level 3. HP: 5/6 MP: 3/7
  1147 | D:1      | Learned a level 2 spell: Momentum Strike
  1247 | D:2      | Slain by a bat

Illustrated notes

Levels and vault maps discovered:
D:1:      dpeg_arrival_tiny_i, layout_loops_ring, minivault_25,
          minmay_misc_feat_alley
D:2:      layout_rooms, basic_altar

Action                     || total
---------------------------++-------
  Melee: Short sword       ||     5
   Cast: Kiss of Death     ||    21
    Use: Potion            ||     3
         Scroll            ||     2
 Armour: Leather armour    ||     3
  Dodge: Dodged            ||    11

Table legend: (Time is in decaauts)
 A = Elapsed time spent in this place.
 B = Non-inter-level travel time spent in this place.
 C = Inter-level travel time spent in this place.
 D = Time resting spent in this place.
 E = Time spent auto-exploring this place.
 F = Levels seen in this place.
 G = Mean time per level.
                   A        B        C        D        E       F      G
               +--------+--------+--------+--------+--------+-----+--------+
         Total |   1245 |   1201 |     44 |    306 |    636 |   2 |  622.5 |
       Dungeon |   1245 |   1201 |     44 |    306 |    636 |   2 |  622.5 |
               +--------+--------+--------+--------+--------+-----+--------+

Top non-repeatable levels by time:
     D:1: 1190 daAuts
     D:2: 55 daAuts
